 Dungeon Crawl Stone Soup version 0.20.0-8-g6b59dc7 (webtiles) character file.

797 cereshysteria the Chopper (level 7, -2/53 HPs)
             Began as a Demonspawn Fighter on May 31, 2017.
             Was an Initiate of Makhleb.
             Slain by a gnoll
             ... wielding a +3 spear
              (5 damage)
             ... on level 5 of the Dungeon on June 1, 2017.
             The game lasted 00:13:04 (4478 turns).

cereshysteria the Chopper (Demonspawn Fighter)      Turns: 4478, Time: 00:13:05

Health: -2/53      AC:  6    Str: 16    XL:     7   Next: 58%
Magic:  7/7        EV: 13    Int:  9    God:    Makhleb [......]
Gold:   153        SH: 12    Dex: 20    Spells: 6/6 levels left

rFire    . . .     SeeInvis .   r - +0 war axe (venom)
rCold    + . .     Gourm    .   c - +3 shield
rNeg     + . .     Faith    +   u - +2 leather armour {rN+}
rPois    .         Spirit   .   (helmet restricted)
rElec    .         Reflect  .   (no cloak)
rCorr    .         Harm     .   (no gloves)
MR       .....                  (no boots)
Stlth    +++.......             i - amulet of faith
Regen    0.2/turn               (no ring)
MPRegen  0.1/turn               (no ring)

@: agile, lethally poisoned (-2 -> -3)
A: antennae 1, rugged brown scales 1, cold resistance 1
a: Renounce Religion


You were on level 5 of the Dungeon.
You worshipped Makhleb.
Makhleb was noncommittal.
You were not hungry.

You visited 1 branch of the dungeon, and saw 5 of its levels.

You collected 153 gold pieces.

Inventory:

Hand Weapons
 a - a +0 trident
 r - a +0 war axe of venom (weapon)
Armour
 b - a +0 scale mail
 c - a +3 shield (worn)
 e - a +2 helmet
 u - a +2 leather armour of positive energy (worn)
Jewellery
 i - an amulet of faith (around neck)
Wands
 n - a wand of paralysis (7/24)
 s - a wand of random effects (25/48)
Scrolls
 j - 2 scrolls of fear
 l - a scroll of recharging
 v - a scroll of remove curse
Potions
 d - 4 potions of might
 o - 3 potions of brilliance {unknown}
 t - 3 potions of invisibility {unknown}
Comestibles
 f - 4 bread rations
 k - a royal jelly
 q - a meat ration


   Skills:
 - Level 3.3 Fighting
 + Level 5.5(6.4) Axes
 - Level 4.8(6.0) Polearms
 - Level 3.0 Armour
 + Level 3.2 Shields


You had 6 spell levels left.
You didn't know any spells.

Dungeon Overview and Level Annotations

Branches:
Dungeon (5/15)
 Temple: D:4-7

Altars:
Ashenzari
Fedhas
Makhleb
The Shining One


Innate Abilities, Weirdness & Mutations

You have a pair of small antennae on your head.
You are partially covered in rugged brown scales. (AC +1, +3% HP)
Your flesh is cold resistant. (rC+)


Message History

You block the gnoll's attack. The adder bites you.
* * * LOW HITPOINT WARNING * * *
You see here a club.
You hit the adder but do no damage. You block the gnoll's attack.
The adder closely misses you. The gnoll closely misses you.
You block the shadow imp's attack. The gnoll misses you.
You closely miss the adder. You closely miss the shadow imp.
You feel sick. You block the adder's attack.
The gnoll hits you from afar with an enchanted spear.
* * * LOW HITPOINT WARNING * * *
You block the shadow imp's attack. The adder barely misses you.
The gnoll hits you from afar with a spear of distortion.
* * * LOW HITPOINT WARNING * * *
Space bends around you.
* * * LOW HITPOINT WARNING * * *
You hit the adder.
The adder is poisoned.
The adder is moderately wounded.
You hit the shadow imp.
The gnoll hits you from afar with an enchanted spear.
You die...

#############
#............
#.?.<@.....#
#...)S5.....#
#..g#g#.#.#..
...............
..##...#.#.#.#..
# #............
##..#.#.#.#..
#...........


You could see 2 gnolls, an adder and a shadow imp.

Vanquished Creatures
  An orc warrior (D:4)
  2 ogres (D:4)
  A scorpion (D:4)
  A howler monkey (D:5)
  A bullfrog zombie (D:5)
  A hound (D:3)
  2 orc priests (D:4)
  3 orc wizards
  An iguana (D:4)
  A worker ant (D:4)
  3 adders
  7 gnolls
  An ooze (D:2)
  3 worms
  7 leopard geckos
  12 orcs
  5 bats
  2 giant cockroaches
  9 goblins
  6 hobgoblins
  2 quokkas
  A ball python (D:3)
  4 frilled lizards
  A jackal skeleton (D:4)
  9 kobolds
  9 rats
95 creatures vanquished.

Notes
Turn   | Place    | Note
-------+----------+-------------------------------------------
     0 | D:1      | cereshysteria the Demonspawn Fighter began the quest for the Orb.
     0 | D:1      | Reached XP level 1. HP: 18/18 MP: 1/1
   159 | D:1      | Gained mutation: You are partially covered in rugged brown scales. (AC +1, +3% HP) [demonic ancestry]
   159 | D:1      | Reached XP level 2. HP: 18/24 MP: 2/2
   748 | D:1      | Gained mutation: You have a pair of small antennae on your head. [demonic ancestry]
   748 | D:1      | Reached XP level 3. HP: 29/29 MP: 3/3
   873 | D:2      | Found a blossoming altar of Fedhas.
  1604 | D:2      | Reached XP level 4. HP: 9/36 MP: 4/4
  1874 | D:3      | Found a shattered altar of Ashenzari.
  2115 | D:3      | Reached XP level 5. HP: 35/42 MP: 5/5
  2140 | D:3      | Found a glowing golden altar of the Shining One.
  2511 | D:3      | Found a burning altar of Makhleb.
  2772 | D:4      | Noticed an ogre
  2827 | D:4      | Reached skill level 1 in Axes
  3051 | D:4      | Killed an ogre
  3051 | D:4      | Reached skill level 2 in Axes
  3051 | D:4      | Gained mutation: Your flesh is cold resistant. (rC+) [demonic ancestry]
  3051 | D:4      | Reached XP level 6. HP: 33/48 MP: 6/6
  3201 | D:4      | Reached skill level 3 in Axes
  3332 | D:5      | Entered Level 5 of the Dungeon
  3611 | D:5      | Reached skill level 4 in Axes
  3667 | D:5      | Reached XP level 7. HP: 30/53 MP: 7/7
  4053 | D:3      | Became a worshipper of Makhleb the Destroyer
  4092 | D:4      | Reached skill level 5 in Axes
  4461 | D:4      | Noticed a hippogriff
  4478 | D:5      | Slain by a gnoll

Skill      XL: |  1  2  3  4  5  6  7 |
---------------+----------------------+-----
Armour         | 3 |  3.0
Polearms       | 2 3 4 |  4.8
Axes           | 2 4 5 |  5.5
Shields        | 3 |  3.2
Fighting       | |  3.3

Action                   |  1- 3 |  4- 6 |  7- 9 || total
-------------------------+-------+-------+-------++-------
Melee: Trident           |   172 |    84 |       ||   256
       War axe           |       |    73 |    32 ||   105
  Use: Scroll            |       |     6 |     3 ||     9
       Potion            |       |       |     4 ||     4
  Eat: Chunk             |     2 |       |       ||     2
       Bread ration      |       |     2 |       ||     2
       Meat ration       |       |       |     1 ||     1
Armor: Scale mail        |    72 |    49 |     6 ||   127
       Leather armour    |       |       |     2 ||     2
Dodge: Dodged            |    48 |    30 |    19 ||    97
Block: Shield            |    69 |    63 |    27 ||   159
